 Dungeon Crawl Stone Soup version 0.24-a0-789-g35933f4585 (webtiles) character file.

Game seed: 13820814696175923805, levelgen mode: deterministic

326 HumanIsDead the Shield-Bearer (level 6, -6/47 HPs)
             Began as a Human Berserker on Oct 10, 2019.
             Was a Believer of Trog.
             Mangled by Menkaure (14 damage)
             ... on level 4 of the Dungeon.
             The game lasted 00:08:00 (3116 turns).

HumanIsDead the Shield-Bearer (Human Berserker)     Turns: 3116, Time: 00:08:01

Health: -6/47      AC:  6    Str: 19    XL:     6   Next: 79%
Magic:  6/6        EV: 10    Int:  7    God:    Trog [**....]
Gold:   89         SH: 10    Dex: 13    Spells: 5/5 levels left

rFire    . . .     SeeInvis .     - Unarmed
rCold    . . .     Gourm    .   c - +0 shield
rNeg     . . .     Faith    .   s - +0 leather armour
rPois    .         Spirit   .   k - +0 helmet
rElec    .         Reflect  .   (no cloak)
rCorr    .         Harm     .   (no gloves)
MR       .....                  t - +1 pair of boots
Stlth    +.........             (no amulet)
HPRegen  0.15/turn              (no ring)
MPRegen  0.10/turn              (no ring)

@: berserk cooldown, slowed, very slow
A: no striking features
a: Berserk, Trog's Hand, Renounce Religion


You were on level 4 of the Dungeon.
You worshipped Trog.
Trog was pleased with you.
You were near starving.

You visited 1 branch of the dungeon, and saw 4 of its levels.

You collected 89 gold pieces.

Inventory:

Missiles
 d - 43 stones (quivered)
Armour
 a - a +0 animal skin
 c - a +0 shield (worn)
 k - a +0 helmet (worn)
 l - a cursed +0 leather armour
 s - a +0 leather armour (worn)
 t - a +1 pair of boots (worn)
Scrolls
 f - 3 scrolls of identify
 i - 2 scrolls of enchant weapon
 m - a scroll of remove curse
Potions
 h - 4 potions of haste
 j - 2 potions of agility {unknown}
 p - a potion of resistance {unknown}
 r - a potion of lignification {unknown}
 u - a potion of curing {unknown}
Comestibles
 b - 5 rations


   Skills:
 + Level 3.5 Fighting
 - Level 2.0 Armour
 - Level 2.0 Dodging
 - Level 0.6 Stealth
 + Level 5.2 Shields
 - Level 4.0 Unarmed Combat


You had 5 spell levels left.
You didn't know any spells.
Your spell library contained the following spells:

 Spells                   Type           Power        Failure   Level  Hunger
 Magic Dart               Conj           #...         89%         1    ##.....
 Searing Ray              Conj           #.....       96%         2    ###....
 Dazzling Spray           Conj/Hex       #.....       99%         3    ####...
 Force Lance              Conj/Tloc      #.......     100%        4    #####..
 Fulminant Prism          Conj/Hex       #.........   100%        4    #####..
 Iskenderun's Mystic Bla  Conj           #.......     100%        4    #####..


Dungeon Overview and Level Annotations

Branches:
Dungeon (4/15)
 Temple: D:4-7

Altars:
Nemelex Xobeh

Portals:
Sewer: D:4

Annotations:
D:4 Menkaure


Message History

You punch the jackal!
You kill the jackal!
Trog accepts your kill.
You are no longer berserk.
You are exhausted.
You feel yourself slow down.
You hit Menkaure.
Menkaure is lightly damaged.
Menkaure's bandages flutter.
Menkaure barely misses you.
You hit Menkaure but do no damage.
Menkaure is lightly damaged.
You hear the rusting of a drain nearby.
Menkaure calls on the powers of darkness!
Your body is wracked with pain!
* * * LOW HITPOINT WARNING * * *
You punch Menkaure!
Menkaure is heavily damaged.
Menkaure hits you!
You die...

#........#
#####....#
#....# #....#
#....# #....#
#...###
#.....#########
#.....M@.......
##....#########
#...h(..#
#..........#
#..........#
#...≈≈≈h...#
#...≈≈≈≈≈...#
#...≈≈∩≈≈.h...
#...≈≈≈≈≈..###


You could see Menkaure.

Vanquished Creatures
  Sigmund (D:3)
  A hound (D:4)
  A worker ant (D:4)
  An adder (D:4)
  2 river rats (D:4)
  An ooze (D:1)
  An adder skeleton (D:4)
  A worm (D:3)
  3 dart slugs (D:1)
  4 leopard geckos
  An orc (D:3)
  9 bats
  2 giant cockroaches
  7 goblins
  6 hobgoblins
  11 jackals
  5 kobolds
  A quokka (D:3)
  2 ball pythons (D:4)
  2 frilled lizards
  2 rats
64 creatures vanquished.

Notes
Turn   | Place    | Note
-------+----------+-------------------------------------------
     0 | D:1      | HumanIsDead the Human Berserker began the quest for the
                  | Orb.
     0 | D:1      | Reached XP level 1. HP: 18/18 MP: 1/1
    51 | D:1      | Reached XP level 2. HP: 13/24 MP: 2/2
   421 | D:1      | Reached skill level 1 in Shields
   632 | D:1      | Reached XP level 3. HP: 29/29 MP: 3/3
  1170 | D:1      | Reached XP level 4. HP: 34/35 MP: 4/4
  1479 | D:2      | Reached skill level 2 in Shields
  2223 | D:3      | Reached ** piety under Trog
  2313 | D:3      | Found a sparkling altar of Nemelex Xobeh.
  2321 | D:3      | Noticed Sigmund
  2341 | D:3      | Killed Sigmund
  2341 | D:3      | Reached skill level 4 in Shields
  2341 | D:3      | Reached XP level 5. HP: 41/41 MP: 5/5
  2341 | D:3      | Reached XP level 6. HP: 47/47 MP: 6/6
  2525 | D:3      | Found a faded altar of an unknown god.
  2983 | D:4      | Reached skill level 5 in Shields
  3075 | D:4      | Found a glowing drain.
  3106 | D:4      | Noticed Menkaure
  3116 | D:4      | Mangled by Menkaure

Levels and vault maps discovered:
D:1:      minmay_arrival_arboretum_large, layout_basic
D:2:      layout_loops_ring, first_ration, minivault_25
D:3:      layout_rooms, lemuel_round_altar, chequers_ecumenical_altar_grove,
          hex_large, uniq_sigmund
D:4:      layout_basic, overflow_temple_1_default, minmay_temple_entry_waves,
          portal_sewer_entry_a, serial_shops, shop, uniq_grinder, uniq_menkaure

Skill      XL: |  1  2  3  4  5  6 |
---------------+-------------------+-----
Shields        | 1 4 5 |  5.2
Unarmed Combat | 4 |  4.0
Fighting       | |  3.5
Armour         | |  2.0
Dodging        | |  2.0
Stealth        | |  0.6

Action                   |  1- 3 |  4- 6 || total
-------------------------+-------+-------++-------
Melee: Unarmed           |   105 |   154 ||   259
Invok: Berserk           |     3 |     3 ||     6
  Use: Scroll            |       |     8 ||     8
  Eat: Chunk             |     3 |     8 ||    11
Armor: Animal skin       |    28 |    13 ||    41
       Leather armour    |       |    14 ||    14
Dodge: Dodged            |    32 |    58 ||    90
Block: Shield            |    46 |    60 ||   106

Table legend:
 A = Non-vault XP
 B = Vault XP
 C = Vault XP percentage of total XP
 D = Non-vault monster count
 E = Vault monster count
 F = Vault count percentage of total count
                 A         B        C        D         E       F
            +---------+---------+-------+---------+---------+-------
      Total |     195 |     272 |  58.2 |      57 |       7 |  10.9
            +---------+---------+-------+---------+---------+-------
        D:1 |      72 |       0 |   0.0 |      31 |       0 |   0.0
        D:2 |      10 |       0 |   0.0 |       7 |       0 |   0.0
        D:3 |      25 |     227 |  90.1 |      13 |       1 |   7.1
        D:4 |      88 |      45 |  33.8 |       6 |       6 |  50.0
            +---------+---------+-------+---------+---------+-------
